| TOP OF THE 1ST |
|
Cleveland (APP) Indians batting - Pitching for Burlington Royals : RHP Matthew Orphan
|
|
Pitching: RHP Matthew Orphan
|
|
|
Batting: RHB John Clark
|
0-0: Called Strike 0-1: Foul Ball, location: 2F 0-2: Ball 1-2: DOUBLE (Flyball, 8RXD, EV 105.0 MPH)
|
|
Batting: RHB Carlos Manriquez
|
0-0: Swinging Strike 0-1: Ball 1-1: Called Strike 1-2: SINGLE (Flyball, 4MD, EV 88.1 MPH) John Clark to third
|
|
Batting: RHB Juan Gallardo
|
0-0: Called Strike Carlos Manriquez steals 2nd base 0-1: Swinging Strike 0-2: Strikes out swinging
|
|
Batting: RHB Luis Roman
|
0-0: SINGLE (Groundball, 56D, EV 104.4 MPH) John Clark scores Carlos Manriquez to third Runner from 3rd tries for Home, SAFE, throw by LF to home
|
|
Batting: LHB Kenji Yokoyama
|
0-0: Called Strike 0-1: Foul Ball, location: 2F 0-2: Ball 1-2: Grounds into double play, 4-6-3 (Groundball, 4, EV 81.9 MPH)
|
| Top of the 1st over - 2 runs, 3 hits, 0 errors, 0 left on base; Cleveland (APP) 2 - Burlington 0 |
| BOTTOM OF THE 1ST |
|
Burlington Royals batting - Pitching for Cleveland (APP) Indians : RHP Jose Esteban
|
|
Pitching: RHP Jose Esteban
|
|
|
Batting: LHB Ernesto Abreu
|
0-0: Called Strike 0-1: Foul Ball, location: 2F 0-2: Strikes out looking
|
|
Batting: RHB Tim Persson
|
0-0: Swinging Strike 0-1: Called Strike 0-2: Ground out 5-3 (Groundball, 56S, EV 68.8 MPH)
|
|
Batting: SHB Manny Berrones
|
0-0: Ground out U3 (Groundball, 34, EV 88.1 MPH)
|
| Bottom of the 1st over - 0 runs, 0 hits, 0 errors, 0 left on base; Cleveland (APP) 2 - Burlington 0 |
| TOP OF THE 2ND |
|
Cleveland (APP) Indians batting - Pitching for Burlington Royals : RHP Matthew Orphan
|
|
Batting: RHB Joe Shade
|
0-0: Ball 1-0: Called Strike 1-1: Ball 2-1: Ball 3-1: Ground out 5-3 (Groundball, 56S, EV 69.4 MPH)
|
|
Batting: LHB Heath Ryland
|
0-0: Called Strike 0-1: Foul Ball, location: 2F 0-2: Ball 1-2: Fly out, F6 (Popup, 6MS, EV 60.0 MPH)
|
|
Batting: RHB Ken Shear
|
0-0: Called Strike 0-1: Ball 1-1: Foul Ball, location: 2F 1-2: Ball 2-2: Ball 3-2: Strikes out looking
|
| Top of the 2nd over - 0 runs, 0 hits, 0 errors, 0 left on base; Cleveland (APP) 2 - Burlington 0 |
| BOTTOM OF THE 2ND |
|
Burlington Royals batting - Pitching for Cleveland (APP) Indians : RHP Jose Esteban
|
|
Batting: SHB Danny Ballenger
|
0-0: Ball 1-0: Ball 2-0: Ball 3-0: Called Strike 3-1: Called Strike 3-2: Base on Balls
|
|
Batting: LHB Bobby Gonzalez
|
0-0: Ball 1-0: Ball 2-0: Ground out 4-3 (Groundball, 34, EV 103.8 MPH) Danny Ballenger to second
|
|
Batting: RHB Rob Ward
|
0-0: Ball 1-0: Ball Balk! Danny Ballenger to third 2-0: Ball 3-0: Base on Balls
|
|
Batting: SHB Marcos Cortez
|
0-0: Called Strike 0-1: Ball 1-1: Called Strike 1-2: Ball 2-2: Foul Ball, location: 2F 2-2: Fly out, F4 (Popup, 23, EV 85.0 MPH)
|
|
Batting: RHB Shane Bruce
|
0-0: Foul Ball, location: 2F 0-1: Fielders Choice at 2nd, 6-4 (Groundball, 6, EV 85.0 MPH)
|
| Bottom of the 2nd over - 0 runs, 0 hits, 0 errors, 2 left on base; Cleveland (APP) 2 - Burlington 0 |
| TOP OF THE 3RD |
|
Cleveland (APP) Indians batting - Pitching for Burlington Royals : RHP Matthew Orphan
|
|
Batting: SHB Mike Shields
|
0-0: Ball 1-0: Swinging Strike 1-1: Ball 2-1: Called Strike 2-2: Ball 3-2: Strikes out swinging
|
|
Batting: RHB John Clark
|
0-0: Ball 1-0: Swinging Strike 1-1: Ball 2-1: Fly out, F6 (Popup, P, EV 80.0 MPH)
|
|
Batting: RHB Carlos Manriquez
|
0-0: Called Strike 0-1: Foul Ball, location: 2F 0-2: Hit by Pitch
|
|
Batting: RHB Juan Gallardo
|
0-0: Called Strike 0-1: Fly out, F6 (Line Drive, 6, EV 67.5 MPH)
|
| Top of the 3rd over - 0 runs, 0 hits, 0 errors, 1 left on base; Cleveland (APP) 2 - Burlington 0 |
| BOTTOM OF THE 3RD |
|
Burlington Royals batting - Pitching for Cleveland (APP) Indians : RHP Jose Esteban
|
|
Batting: RHB Steve Ryals
|
0-0: Swinging Strike 0-1: Swinging Strike 0-2: Ball 1-2: Strikes out swinging
|
|
Batting: LHB Ernesto Abreu
|
0-0: Called Strike 0-1: Ball 1-1: Called Strike 1-2: Foul Ball, location: 2F 1-2: Foul Ball, location: 2F 1-2: Foul Ball, location: 2F 1-2: Foul Ball, location: 2F 1-2: Foul Ball, location: 2F 1-2: Strikes out swinging
|
|
Batting: RHB Tim Persson
|
0-0: Ball 1-0: Ball 2-0: Ball 3-0: Called Strike 3-1: Base on Balls
|
|
Batting: SHB Manny Berrones
|
0-0: Ball 1-0: Called Strike 1-1: Called Strike Tim Persson steals 2nd base 1-2: Ball 2-2: Ball 3-2: Foul Ball, location: 2F 3-2: Ground out 1-3 (Groundball, 15S, EV 62.5 MPH)
|
| Bottom of the 3rd over - 0 runs, 0 hits, 0 errors, 1 left on base; Cleveland (APP) 2 - Burlington 0 |
| TOP OF THE 4TH |
|
Cleveland (APP) Indians batting - Pitching for Burlington Royals : RHP Matthew Orphan
|
|
Batting: RHB Luis Roman
|
0-0: Called Strike 0-1: Ball 1-1: Ball 2-1: Ball 3-1: Base on Balls
|
|
Batting: LHB Kenji Yokoyama
|
0-0: Ball 1-0: Ball 2-0: Swinging Strike 2-1: Ball 3-1: Called Strike 3-2: Strikes out swinging Luis Roman steals 2nd base Batter strikes out.
|
|
Batting: RHB Joe Shade
|
0-0: Called Strike 0-1: Ball 1-1: Foul Ball, location: 2F 1-2: Strikes out swinging
|
|
Batting: LHB Heath Ryland
|
0-0: Ball 1-0: Called Strike 1-1: Ground out 4-3 (Groundball, 4, EV 89.4 MPH)
|
| Top of the 4th over - 0 runs, 0 hits, 0 errors, 1 left on base; Cleveland (APP) 2 - Burlington 0 |
| BOTTOM OF THE 4TH |
|
Burlington Royals batting - Pitching for Cleveland (APP) Indians : RHP Jose Esteban
|
|
Batting: SHB Danny Ballenger
|
0-0: Called Strike 0-1: Ball 1-1: Swinging Strike 1-2: Ball 2-2: Ball 3-2: SINGLE (Groundball, 34D, EV 100.0 MPH)
|
|
Batting: LHB Bobby Gonzalez
|
0-0: Called Strike 0-1: Swinging Strike 0-2: Foul Ball, location: 2F 0-2: Strikes out swinging
|
|
Batting: RHB Rob Ward
|
0-0: Ball Passed Ball! Danny Ballenger to second 1-0: Called Strike 1-1: SINGLE (Line Drive, 34, EV 111.2 MPH) Danny Ballenger to third
|
|
Batting: SHB Marcos Cortez
|
0-0: SINGLE (Groundball, 3D, EV 108.1 MPH) Danny Ballenger scores Rob Ward to second Runner from 2nd tries for 3rd, SAFE, throw by RF made to third
|
|
Batting: RHB Shane Bruce
|
0-0: Called Strike 0-1: Ball Marcos Cortez steals 2nd base 1-1: Ball 2-1: Swinging Strike 2-2: Ground out 5-3 (Groundball, 56S, EV 63.1 MPH) Rob Ward scores Marcos Cortez to third
|
|
Batting: RHB Steve Ryals
|
0-0: Called Strike 0-1: Ball 1-1: Ball 2-1: Foul Ball, location: 2F 2-2: Strikes out swinging
|
| Bottom of the 4th over - 2 runs, 3 hits, 0 errors, 1 left on base; Cleveland (APP) 2 - Burlington 2 |
| TOP OF THE 5TH |
|
Cleveland (APP) Indians batting - Pitching for Burlington Royals : RHP Matthew Orphan
|
|
Batting: RHB Ken Shear
|
0-0: Ball 1-0: Foul Ball, location: 2F 1-1: Ball 2-1: Ball 3-1: Foul Ball, location: 2F 3-2: Foul Ball, location: 2F 3-2: Strikes out looking
|
|
Batting: SHB Mike Shields
|
0-0: Ball 1-0: Foul Ball, location: 2F 1-1: Foul Ball, location: 2F 1-2: Ground out 4-3 (Groundball, 4, EV 86.2 MPH)
|
|
Batting: RHB John Clark
|
0-0: Called Strike 0-1: Fly out, F7 (Flyball, 7LM, EV 86.2 MPH)
|
| Top of the 5th over - 0 runs, 0 hits, 0 errors, 0 left on base; Cleveland (APP) 2 - Burlington 2 |
| BOTTOM OF THE 5TH |
|
Burlington Royals batting - Pitching for Cleveland (APP) Indians : RHP Jose Esteban
|
|
Batting: LHB Ernesto Abreu
|
0-0: Called Strike 0-1: Called Strike 0-2: Ball 1-2: Ball 2-2: Ball 3-2: SINGLE (Groundball, 6MD, EV 110.6 MPH)
|
|
Batting: RHB Tim Persson
|
0-0: Fly out, F8 (Line Drive, 8RM, EV 108.1 MPH)
|
|
Batting: SHB Manny Berrones
|
0-0: Ball 1-0: Called Strike 1-1: Ball Ernesto Abreu steals 2nd base 2-1: Ball 3-1: Swinging Strike 3-2: Base on Balls
|
|
Pitching: RHP Gilbert Paparelli
|
|
|
Batting: SHB Danny Ballenger
|
0-0: Ball Wild Pitch! Ernesto Abreu to third Manny Berrones to second 1-0: Called Strike 1-1: Foul Ball, location: 2F 1-2: Ball 2-2: Strikes out swinging
|
|
Batting: LHB Bobby Gonzalez
|
0-0: Ball 1-0: Ball 2-0: Ball 3-0: Foul Ball, location: 2F 3-1: Foul Ball, location: 2F 3-2: Base on Balls
|
|
Batting: RHB Rob Ward
|
0-0: Ball 1-0: Ball 2-0: Called Strike 2-1: Ball Passed Ball! Ernesto Abreu scores Manny Berrones to third Bobby Gonzalez to second 3-1: Base on Balls
|
|
Batting: SHB Marcos Cortez
|
0-0: Ball 1-0: Foul Ball, location: 2F 1-1: Ball 2-1: Ball Passed Ball! Manny Berrones scores Bobby Gonzalez to third Rob Ward to second 3-1: Swinging Strike 3-2: Strikes out looking
|
| Bottom of the 5th over - 2 runs, 1 hit, 0 errors, 2 left on base; Cleveland (APP) 2 - Burlington 4 |
| TOP OF THE 6TH |
|
Cleveland (APP) Indians batting - Pitching for Burlington Royals : RHP Matthew Orphan
|
|
Batting: RHB Carlos Manriquez
|
0-0: Ball 1-0: Ball 2-0: Ball 3-0: Called Strike 3-1: Ground out 3-1 (Groundball, 34S, EV 90.0 MPH)
|
|
Batting: RHB Juan Gallardo
|
0-0: Foul Ball, location: 2F 0-1: Ball 1-1: Swinging Strike 1-2: Ball 2-2: SINGLE (Groundball, 34D, EV 106.2 MPH)
|
|
Batting: RHB Luis Roman
|
0-0: Called Strike 0-1: Foul Ball, location: 2F 0-2: SINGLE (Groundball, 4MD, EV 91.2 MPH) (infield hit) Juan Gallardo to second
|
|
Batting: LHB Kenji Yokoyama
|
0-0: Foul Ball, location: 2F 0-1: Ball 1-1: Fly out, F8 (Flyball, 8RS, EV 98.1 MPH)
|
|
Pitching: RHP Ted Splawn
|
|
|
Batting: RHB Joe Shade
|
0-0: Called Strike 0-1: Swinging Strike 0-2: Strikes out swinging
|
| Top of the 6th over - 0 runs, 2 hits, 0 errors, 2 left on base; Cleveland (APP) 2 - Burlington 4 |
| BOTTOM OF THE 6TH |
|
Burlington Royals batting - Pitching for Cleveland (APP) Indians : RHP Gilbert Paparelli
|
|
Pitching: LHP Jordan Jimenez
|
|
|
Batting: RHB Shane Bruce
|
0-0: Swinging Strike 0-1: Foul Ball, location: 2F 0-2: Strikes out swinging
|
|
Batting: RHB Steve Ryals
|
0-0: Called Strike 0-1: Ball 1-1: Swinging Strike 1-2: SINGLE (Groundball, 4MD, EV 105.0 MPH)
|
|
Batting: LHB Ernesto Abreu
|
0-0: Ball Passed Ball! Steve Ryals to second 1-0: Foul Ball, location: 2F 1-1: Ball 2-1: Ground out 6-3 (Groundball, 6M, EV 80.6 MPH) Steve Ryals to third
|
|
Batting: RHB Tim Persson
|
0-0: Called Strike 0-1: Ball Passed Ball! Steve Ryals scores 1-1: Ball 2-1: Ball 3-1: Base on Balls
|
|
Batting: SHB Manny Berrones
|
0-0: Ball 1-0: Ball 2-0: Ground out 4-3 (Groundball, 4, EV 82.5 MPH)
|
| Bottom of the 6th over - 1 run, 1 hit, 0 errors, 1 left on base; Cleveland (APP) 2 - Burlington 5 |
| TOP OF THE 7TH |
|
Cleveland (APP) Indians batting - Pitching for Burlington Royals : RHP Ted Splawn
|
|
Batting: LHB Heath Ryland
|
0-0: DOUBLE (Flyball, 7LM, EV 105.0 MPH)
|
|
Batting: RHB Ken Shear
|
0-0: Bunt missed! 0-1: Bunt missed! 0-2: Bunted foul, Strikeout!
|
|
Batting: SHB Mike Shields
|
0-0: Swinging Strike 0-1: SINGLE (Groundball, 34D, EV 97.5 MPH) Heath Ryland to third
|
|
Batting: RHB John Clark
|
0-0: Called Strike 0-1: Ball 1-1: Called Strike 1-2: Fly out, F8 (Flyball, 8LM, EV 92.5 MPH) Runner from 3rd tags up, SCORES, throw by CF
|
|
Batting: RHB Carlos Manriquez
|
0-0: Ball 1-0: Foul Ball, location: 2F 1-1: Ball 2-1: Ball 3-1: Fielders Choice at 2nd, U6 (Groundball, 6M, EV 83.1 MPH)
|
| Top of the 7th over - 1 run, 2 hits, 0 errors, 1 left on base; Cleveland (APP) 3 - Burlington 5 |
| BOTTOM OF THE 7TH |
|
Burlington Royals batting - Pitching for Cleveland (APP) Indians : LHP Jordan Jimenez
|
|
Batting: SHB Danny Ballenger
|
0-0: Ball 1-0: Ball 2-0: Foul Ball, location: 2F 2-1: Ball 3-1: SINGLE (Line Drive, 9S, EV 94.4 MPH)
|
|
Batting: LHB Bobby Gonzalez
|
0-0: Ball Wild Pitch! Danny Ballenger to second 1-0: Foul Ball, location: 2F 1-1: Ball 2-1: Swinging Strike 2-2: Strikes out swinging
|
|
Batting: RHB Rob Ward
|
0-0: Ball 1-0: Swinging Strike 1-1: Ball 2-1: Ball 3-1: Foul Ball, location: 2F 3-2: Base on Balls
|
|
Batting: SHB Marcos Cortez
|
0-0: Foul Ball, location: 2F 0-1: Ball 1-1: Ball 2-1: Ball 3-1: DOUBLE (Line Drive, 9LM, EV 91.9 MPH) Danny Ballenger scores Rob Ward to third
|
|
Batting: RHB Shane Bruce
|
0-0: Intentional Walk
|
|
Batting: RHB Steve Ryals
|
0-0: Called Strike 0-1: Called Strike 0-2: Ball Wild Pitch! Rob Ward scores Marcos Cortez to third Shane Bruce to second 1-2: Fly out, F8 (Flyball, 8LM, EV 93.8 MPH) Runner from 3rd tags up, SCORES, throw by CF
|
|
Batting: LHB Ernesto Abreu
|
0-0: Called Strike 0-1: Ball 1-1: Ball 2-1: Foul Ball, location: 2F 2-2: Fly out, F8 (Flyball, 8LD, EV 102.5 MPH)
|
| Bottom of the 7th over - 3 runs, 2 hits, 0 errors, 1 left on base; Cleveland (APP) 3 - Burlington 8 |
| TOP OF THE 8TH |
|
Cleveland (APP) Indians batting - Pitching for Burlington Royals : RHP Ted Splawn
|
|
Batting: RHB Juan Gallardo
|
0-0: Foul Ball, location: 2F 0-1: Foul Ball, location: 2F 0-2: Ball 1-2: Strikes out swinging
|
|
Batting: RHB Luis Roman
|
0-0: Ball 1-0: Called Strike 1-1: Foul Ball, location: 2F 1-2: Strikes out swinging
|
|
Batting: LHB Kenji Yokoyama
|
0-0: Ball 1-0: Foul Ball, location: 2F 1-1: Swinging Strike 1-2: Strikes out swinging
|
| Top of the 8th over - 0 runs, 0 hits, 0 errors, 0 left on base; Cleveland (APP) 3 - Burlington 8 |
| BOTTOM OF THE 8TH |
|
Burlington Royals batting - Pitching for Cleveland (APP) Indians : LHP Jordan Jimenez
|
|
Batting: RHB Tim Persson
|
0-0: Ball 1-0: SINGLE (Groundball, 56S, EV 70.6 MPH) (infield hit)
|
|
Batting: SHB Manny Berrones
|
0-0: Called Strike 0-1: Ball 1-1: Called Strike Tim Persson steals 2nd base 1-2: Ball 2-2: SINGLE (Line Drive, 56, EV 104.4 MPH) Tim Persson to third
|
|
Batting: SHB Danny Ballenger
|
0-0: Foul Ball, location: 2F 0-1: Ball 1-1: Foul Ball, location: 2F 1-2: Strikes out looking
|
|
Batting: LHB Bobby Gonzalez
|
0-0: Called Strike 0-1: Ball 1-1: Ball 2-1: Fielders Choice at 2nd, 3-6 (Groundball, 3S, EV 85.0 MPH) Tim Persson scores
|
|
Batting: RHB Rob Ward
|
0-0: Ball Passed Ball! Bobby Gonzalez to second 1-0: Ball 2-0: Foul Ball, location: 2F 2-1: SINGLE (Groundball, 6D, EV 103.8 MPH) Bobby Gonzalez to third Runner from 3rd tries for Home, SAFE, throw by CF to home
|
|
Batting: SHB Marcos Cortez
|
0-0: Ball 1-0: Ball 2-0: Ball 3-0: Base on Balls Rob Ward to second
|
|
Batting: RHB Shane Bruce
|
0-0: Ball 1-0: Called Strike 1-1: Called Strike 1-2: Ground out 1-3 (Groundball, 34S, EV 66.2 MPH)
|
| Bottom of the 8th over - 2 runs, 3 hits, 0 errors, 2 left on base; Cleveland (APP) 3 - Burlington 10 |
| TOP OF THE 9TH |
|
Cleveland (APP) Indians batting - Pitching for Burlington Royals : RHP Ted Splawn
|
|
Batting: RHB Joe Shade
|
0-0: Foul Ball, location: 2F 0-1: Called Strike 0-2: Ball 1-2: Ball 2-2: Foul Ball, location: 2F 2-2: Foul Ball, location: 2F 2-2: Foul Ball, location: 2F 2-2: Foul Ball, location: 2F 2-2: Ball 3-2: Foul Ball, location: 2F 3-2: Strikes out looking
|
|
Batting: LHB Heath Ryland
|
0-0: Ground out U3 (Groundball, 23, EV 85.0 MPH)
|
|
Batting: RHB Ken Shear
|
0-0: Foul Ball, location: 2F 0-1: Swinging Strike 0-2: Strikes out swinging
|
| Top of the 9th over - 0 runs, 0 hits, 0 errors, 0 left on base; Cleveland (APP) 3 - Burlington 10 |
|